 Dungeon Crawl Stone Soup version 0.27-a0-394-g49c82dfaf2 (webtiles) character file.

Game seed: 12959914349896127965

3523 tilp the Martial Artist (level 10, -1/71 HPs)
             Began as an Octopode Transmuter on Feb 20, 2021.
             Slain by a bullfrog (7 damage)
             ... on level 8 of the Dungeon.
             The game lasted 00:18:25 (16653 turns).

tilp the Martial Artist (Octopode Transmuter)      Turns: 16653, Time: 00:18:26

Health: -1/71      AC:  1    Str:  9    XL:     10   Next: 8%
Magic:  13/16      EV: 16    Int: 18    God:
Gold:   364        SH:  0    Dex: 14    Spells: 11/17 levels left

rFire    . . .     SeeInvis .     - Unarmed
rCold    . . .     Faith    .   (no shield)
rNeg     . . .     Spirit   .   (helmet currently unavailable)
rPois    .         Reflect  .   (no amulet)
rElec    .         Harm     .   r - ring of willpower
rCorr    .         Rampage  .   (no ring)
Will     +....                  (no ring)
Stlth    ++++......             (no ring)
HPRegen  0.21/turn              (no ring)
MPRegen  0.15/turn              (no ring)
                                (no ring)
                                (no ring)

@: lethally poisoned (-1 -> -3), appendages, slowed, very slow
A: almost no armour, stealthy swim, amphibious, 8 rings, constrict 8, tentacle
spike 3, camouflage 1, gelatinous body 1
a: End Transformation


You were on level 8 of the Dungeon.
One of your tentacles had a temporary spike.
You visited 2 branches of the dungeon, and saw 9 of its levels.

You collected 364 gold pieces.

Inventory:

Missiles
 e - 8 poisoned darts (quivered)
 i - 199 stones
 n - a throwing net {!f}
 u - a curare-tipped dart {!f}
Jewellery
 r - a ring of willpower (left tentacle)
Wands
 p - a wand of charming (3)
Scrolls
 a - 3 scrolls of enchant weapon
 c - 2 scrolls of enchant armour
 d - a scroll of magic mapping {unknown}
 f - 2 scrolls of amnesia
 h - a scroll of random uselessness {unknown}
 q - a scroll of vulnerability {unknown}
 v - 2 scrolls of identify
Potions
 b - a potion of invisibility {unknown}
 g - a potion of magic {unknown}
 j - a potion of mutation
 k - 2 potions of attraction
 l - a potion of resistance {unknown}
 m - 2 potions of flight
 o - a potion of ambrosia {unknown}
 t - a potion of haste


   Skills:
 + Level 7.3 Fighting
 - Level 6.0 Dodging
 - Level 4.0 Stealth
 - Level 8.0 Unarmed Combat
 - Level 4.0 Spellcasting
 - Level 6.0 Transmutations
 - Level 2.0 Poison Magic


You had 11 spell levels left.
You knew the following spells:

 Your Spells              Type           Power        Failure   Level
a - Beastly Appendage     Tmut           50%          1%          1
b - Wereblood             Tmut           25%          1%          2
c - Spider Form           Tmut/Pois      9%           9%          3

Your spell library contained the following spells:

 Spells                   Type           Power        Failure   Level
 Blade Hands              Tmut           12%          34%         5
 Ice Form                 Ice/Tmut       14%          38%         4


Dungeon Overview and Level Annotations

Branches:
Dungeon (8/15)             Temple (1/1) D:7
   Lair: D:8-11

Altars:
Ashenzari
Cheibriados
Dithmenos
Elyvilon
Fedhas
Gozag
Hepliaklqana
Kikubaaqudgha
Makhleb
Nemelex Xobeh
Sif Muna
Trog
Uskayaw
Vehumet
Wu Jian
Xom
Yredelemnul
Zin

Annotations:
D:4 Grinder
D:5 exclusion: sky beast
D:8 exclusion: orc warrior


Innate Abilities, Weirdness & Mutations

You cannot wear most types of armour.
You are very stealthy in the water. (Stealth+)
You are amphibious.
You can wear up to eight rings at the same time.
You can use your tentacles to constrict eight enemies at once.
Your skin changes colour to match your surroundings (Stealth+).
Your rubbery body absorbs attacks. (AC +1, EV +1)
One of your tentacles bears a large vicious spike.


Message History

The iguana hisses menacingly.
The iguana barely misses you. The iguana closely misses you.
You bludgeon the iguana!
You kill the iguana!
You feel sick. The kobold brigand closely misses you.
You bludgeon the kobold brigand! Your grab misses the kobold brigand.
You squeeze the kobold brigand!
The kobold brigand is almost dead.
You feel sick.
The howler monkey hoots and howls with incredible vigour!
The kobold brigand hits you.
* * * LOW HITPOINT WARNING * * *
You hear a shout! x2; You hear a howl!
You tentacle-slap the kobold brigand.
You kill the kobold brigand!
You howl as the wereblood boils in your veins!
You feel sick. The kobold hits you with a +0 dagger.
* * * LOW HITPOINT WARNING * * *
Unknown command.
You closely miss the kobold. Your grab misses the kobold.
You tentacle-slap the kobold.
The kobold is moderately wounded.
Your primal bloodlust has ended.
You hear a shout! x3
The kobold closely misses you.
Your magical contamination has completely faded away.
You tentacle-slap the kobold but do no damage.
You grab the kobold.
You pierce the kobold.
You kill the kobold!
You feel sick. The bullfrog hits you.
* * * LOW HITPOINT WARNING * * *
Unknown command.
Okay, then.
You tentacle-slap the bullfrog but do no damage.
You grab the bullfrog. You squeeze the bullfrog!
The bullfrog is heavily wounded.
You constrict the bullfrog.
You feel sick. The bullfrog closely misses you.
The howler monkey hoots and howls with incredible vigour!
The bullfrog hits you!
You die... ..# ..# #.#. # ..# ... .# .## (.# #. .########## ZK... .#........# #K#. .#.######.# #hK

##.## #.######F#
....#####.....##@#
##...............#####.
.....######.............
.....## ##(..#######..
......# ##.########.
......# #^.........
......# ###########
#####.### #.......#


You could see a bullfrog, a howler monkey (catching breath), 3 kobolds and a
leopard gecko skeleton.

Vanquished Creatures
  A troll (D:7)
  A wyvern (D:6)
  2 orc warriors
  A black bear (D:7)
  An ice beast (D:6)
  3 ogres
  5 centaurs
  2 phantoms (D:6)
  2 kobold brigands
  3 bullfrogs
  A water moccasin skeleton (D:6)
  3 scorpions
  4 killer bees (D:8)
  A howler monkey (D:8)
  6 orc priests
  4 hounds
  3 jellies
  4 bullfrog skeletons
  Terence (D:2)
  Natasha (thrice) (D:3)
  2 iguanas
  10 orc wizards
  4 worker ants
  A hound skeleton (D:4)
  4 gnolls (D:4)
  6 adders
  2 shadow imps
  An ufetubus (D:6)
  An ooze (D:7)
  An adder skeleton (D:4)
  3 worms
  2 dart slugs
  8 leopard geckos
  29 orcs
  4 giant cockroaches
  4 goblins
  11 hobgoblins
  12 jackals
  15 kobolds
  4 quokkas
  A ball python (D:1)
  14 bats
  5 frilled lizards
  A leopard gecko zombie (D:5)
  A quokka skeleton (D:8)
  4 rats
201 creatures vanquished.

Vanquished Creatures (others)
  A bat (D:1)
1 creature vanquished.

Grand Total: 202 creatures vanquished

Notes
Turn   | Place    | Note
-------+----------+-------------------------------------------
     0 | D:1      | tilp the Octopode Transmuter began the quest for the Orb.
     0 | D:1      | Reached XP level 1. HP: 13/13 MP: 3/3
    29 | D:1      | Reached skill level 1 in Stealth
   286 | D:1      | Reached XP level 2. HP: 17/18 MP: 5/5
   293 | D:1      | Learned a level 2 spell: Wereblood
  1400 | D:2      | Reached XP level 3. HP: 16/23 MP: 3/6
  1557 | D:2      | Noticed Terence
  1623 | D:2      | Killed Terence
  1968 | D:2      | Found a hazy altar of Hepliaklqana.
  2073 | D:2      | Reached XP level 4. HP: 29/29 MP: 7/7
  3016 | D:3      | Reached XP level 5. HP: 14/35 MP: 6/8
  3543 | D:3      | Reached skill level 4 in Unarmed Combat
  3714 | D:3      | Reached XP level 6. HP: 27/42 MP: 6/9
  4304 | D:4      | Noticed Natasha
  4310 | D:4      | Reached skill level 5 in Unarmed Combat
  4318 | D:3      | Killed Natasha
  4439 | D:3      | Noticed Natasha
  4445 | D:3      | Killed Natasha
  5007 | D:3      | Noticed Natasha
  5016 | D:3      | Killed Natasha
  5369 | D:3      | Reached XP level 7. HP: 22/48 MP: 6/10
  5563 | D:4      | Reached skill level 6 in Unarmed Combat
  6614 | D:4      | Noticed Grinder
  7763 | D:5      | Entered Level 5 of the Dungeon
  8003 | D:5      | Reached XP level 8. HP: 34/54 MP: 9/11
  8468 | D:5      | Reached skill level 5 in Fighting
  9595 | D:6      | Reached skill level 7 in Unarmed Combat
 10734 | D:6      | Noticed a wyvern
 10928 | D:6      | Learned a level 3 spell: Spider Form
 11518 | D:6      | Killed a wyvern
 11519 | D:6      | Reached skill level 5 in Dodging
 12040 | D:6      | Reached XP level 9. HP: 56/62 MP: 12/12
 12142 | D:6      | Reached skill level 8 in Unarmed Combat
 12774 | D:7      | Reached skill level 1 in Poison Magic
 13167 | D:7      | Found a staircase to the Ecumenical Temple.
 13169 | D:7      | Noticed a troll
 14267 | Temple   | Entered the Ecumenical Temple
 14657 | D:7      | Killed a troll
 15889 | D:8      | Reached skill level 5 in Transmutations
 16082 | D:8      | Found a shimmering altar of Xom.
 16637 | D:8      | Reached XP level 10. HP: 40/69 MP: 13/16
 16653 | D:8      | Slain by a bullfrog

Illustrated notes

Levels and vault maps discovered:
D:1:      scummos_arrival_simple_crosswalls, layout_basic
D:2:      layout_basic, kennysheep_flooded_box, uniq_terence
D:3:      layout_basic
D:4:      layout_gridville, uniq_natasha, uniq_grinder
D:5:      layout_basic
D:6:      layout_cave_pools
D:7:      layout_cave_pools, minmay_temple_entry_large_hall,
          serial_column_ruins, column_ruins_square_large,
          column_ruins_square_small, column_ruins_corridor_straight,
          column_ruins_open_large, column_ruins_corridor_corner,
          column_ruins_corridor_straight, column_ruins_grid_3
D:8:      layout_loops_ring, kennysheep_mini_moat, lemuel_doored_altar,
          erik_lair_orcish_takeover, hangedman_decor_points, minivault_29
Temple:   nicolae_temple_elliptical

Skill      XL: |  1  2  3  4  5  6  7  8  9 10 |
---------------+-------------------------------+-----
Stealth        | 2 3 4 |  4.0
Fighting       | 2 3 4 6 7 |  7.3
Unarmed Combat | 4 5 6 7 8 |  8.0
Dodging        | 3 5 6 |  6.0
Poison Magic   | 2 |  2.0
Transmutations | 6 |  6.0
Spellcasting   | 4 |  4.0

Action                   |  1- 3 |  4- 6 |  7- 9 | 10-12 || total
-------------------------+-------+-------+-------+-------++-------
Melee: Unarmed           |    68 |   172 |   366 |    15 ||   621
       Constrict         |    24 |    40 |    57 |     5 ||   126
       Tentacles         |     7 |    26 |    41 |     3 ||    77
       Kick              |     3 |    19 |    55 |     5 ||    82
       Punch             |     1 |     3 |    10 |     1 ||    15
Throw: Stone             |       |     1 |     1 |       ||     2
       Dart              |       |       |    14 |       ||    14
 Cast: Beastly Appendage |     4 |    10 |    47 |       ||    61
       Wereblood         |     2 |     4 |    13 |       ||    19
       Spider Form       |       |       |    13 |       ||    13
  Use: Scroll            |     1 |     1 |     6 |       ||     8
       Potion            |       |     2 |     6 |       ||     8
 Stab: Sleeping          |     4 |    13 |    13 |       ||    30
       Distracted        |       |       |     1 |       ||     1
Armor: Skin              |     6 |     8 |    10 |       ||    24
Dodge: Dodged            |    58 |    86 |   241 |    11 ||   396

Table legend: (Time is in decaauts)
 A = Elapsed time spent in this place.
 B = Non-inter-level travel time spent in this place.
 C = Inter-level travel time spent in this place.
 D = Time resting spent in this place.
 E = Time spent auto-exploring this place.
 F = Levels seen in this place.
 G = Mean time per level.
                   A        B        C        D        E       F      G
               +--------+--------+--------+--------+--------+-----+--------+
         Total |  16577 |  15411 |   1166 |   7711 |   5715 |   9 | 1841.9 |
       Dungeon |  16387 |  15248 |   1139 |   7711 |   5553 |   8 | 2048.4 |
        Temple |    189 |    162 |     27 |      0 |    162 |   1 |  189.0 |
               +--------+--------+--------+--------+--------+-----+--------+

Top non-repeatable levels by time:
     D:5: 3307 daAuts
     D:3: 3080 daAuts
     D:6: 2735 daAuts
     D:4: 2226 daAuts
     D:7: 1713 daAuts
     D:1: 1606 daAuts
     D:2: 946 daAuts
     D:8: 771 daAuts
  Temple: 189 daAuts
